 Dungeon Crawl Stone Soup version 0.29.0-4-gdea44cf6ec (webtiles) character file.

Game seed: 16546276985133484751

9 qw the Firebug (level 2, -2/23 HPs)
             Began as a Ghoul Fire Elementalist on Aug 29, 2022.
             Slain by a gnoll
             ... wielding a +0 spear
              (7 damage)
             ... on level 2 of the Dungeon.
             The game lasted 00:00:39 (916 turns).

qw the Firebug (Ghoul Fire Elementalist)             Turns: 916, Time: 00:00:40

Health: -2/23      AC:  3    Str: 11    XL:     2   Next: 16%
Magic:  3/3        EV: 12    Int: 10    God:
Gold:   23         SH:  0    Dex:  9    Spells: 3/4 levels left

rFire   . . .      SeeInvis .     - Unarmed
rCold   + . .      Faith    .   (no shield)
rNeg    + + +      Spirit   .   a - +0 robe
rPois   inf        Reflect  .   (no helmet)
rElec   .          Harm     .   (no cloak)
rCorr   .          Rampage  .   (no gloves)
Will    .....                   m - +0 pair of boots
Stlth   ++........              (no amulet)
HPRegen 0.00/turn               (no ring)
MPRegen 0.08/turn               (no ring)

@: inhibited regen
A: claws 1, cold resistance 1, negative energy resistance 3, inhibited
regeneration, torment resistance 2, devour on kill
a: no special abilities


You were on level 2 of the Dungeon.
You visited 1 branch of the dungeon, and saw 2 of its levels.

You collected 23 gold pieces.


Innate Abilities, Weirdness & Mutations

You are immune to poison.
You have sharp fingernails.
Your flesh is cold resistant. (rC+)
You are immune to negative energy. (rN+++)
You do not regenerate when monsters are visible.
You are immune to unholy pain and torment.
You thrive by killing the living.


   Skills:
 - Level 1.0 Fighting
 - Level 1.7 Dodging
 - Level 2.1 Stealth
 + Level 1.4 Unarmed Combat
 - Level 1.7 Spellcasting
 - Level 0.7 Conjurations
 - Level 2.4 Fire Magic


You had 3 spell levels left.
You knew the following spells:

 Your Spells              Type           Power      Damage    Failure   Level
a - Foxfire               Conj/Fire      16%        2x1d4     17%         1

Your spell library contained the following spells:

 Spells                   Type           Power      Damage    Failure   Level
 Scorch                   Fire           10%        2d5       19%         2
 Conjure Flame            Conj/Fire      4%         6-21      45%         3
 Inner Flame              Hex/Fire       3%         N/A       52%         3
 Flame Wave               Conj/Fire      4%         2d5       86%         4

Inventory:

Armour
 a - a +0 robe (worn)
 m - a +0 pair of boots (worn)
Potions
 c - a potion of curing {unknown}
 d - a potion of heal wounds
 g - a potion of attraction {unknown}
 j - a potion of lignification {unknown}

Dungeon Overview and Level Annotations

Branches:
Dungeon (2/15)

Altars:


Message History

You fly downwards.
There is a stone staircase leading up here.
Existing waypoints: (2) D:1 Assign waypoint to what number? (0-9, D - delete waypoint) Waypoint 1 assigned to D:2.
You are starting to lose your buoyancy.
You float gracefully downwards.
Found a stone staircase leading down.
A hobgoblin and 3 gnolls come into view.
Found a scroll of noise.
807 ||| Stepping ~*~*~tactically~*~*~ (hiding).
You start waiting.
Done waiting.
The gnoll shouts! x2
The gnoll hits you from afar with a +0 spear.
The gnoll shouts!
The hobgoblin shouts!
You hear a shout!
909 ||| Stepping ~*~*~tactically~*~*~ (hiding).
You hear an angry hiss.
A kobold comes into view. It is wielding a +0 club.
A ball python comes into view.
The ball python hisses angrily.
You scratch the gnoll.
The gnoll is lightly wounded.
You scratch the gnoll but do no damage.
The gnoll is lightly wounded.
The gnoll hits you with a +0 spear.
913 ||| Stepping ~*~*~tactically~*~*~ (outnumbered).
The gnoll hits you but does no damage.
You scratch the gnoll but do no damage. The gnoll hits you with a +0 club.
The gnoll barely misses you.
You scratch the gnoll.
The gnoll is lightly wounded.
The gnoll hits you but does no damage. The gnoll barely misses you.
The gnoll closely misses you.
You scratch the gnoll.
The gnoll is moderately wounded.
The gnoll hits you with a +0 club.
The gnoll hits you from afar with a +0 spear!
You die...

#.# #... #.# #.# #...
#.# #.# #... #.# #..
#... #.# #.# ####.S.
#.# #.# ?...>..
#.#######<#
####..g#####.##......#
.....Sgg@.......######
###.#Kg######.### #..
#.# #.. #.# #.. #.#
#.. #.# ... ..# ##.
###


You could see 3 gnolls, a hobgoblin, a ball python and a kobold.

Vanquished Creatures
  A ball python (D:1)
  A giant cockroach (D:1)
  2 goblins (D:1)
  A hobgoblin (D:1)
  2 frilled lizards (D:1)
  A kobold (D:1)
  A rat (D:1)
9 creatures vanquished.

Notes
Turn   | Place    | Note
-------+----------+-------------------------------------------
     0 | D:1      | qw the Ghoul Fire Elementalist began the quest for the Orb.
     0 | D:1      | Reached XP level 1. HP: 14/14 MP: 2/2
     0 | D:1      | 0 ||| qw: Version: 0.1-a-90-g952f4b7
     0 | D:1      | 0 ||| qw: Game counter: 3972
     0 | D:1      | 0 ||| qw: Always use a shield: true
     0 | D:1      | 0 ||| qw: God list: Okawaru
     0 | D:1      | 0 ||| qw: Allow faded altars: false
     0 | D:1      | 0 ||| qw: Do Orc after D:15 true
     0 | D:1      | 0 ||| qw: Do second Lair branch before Depths: true
     0 | D:1      | 0 ||| qw: Lair rune preference: random
     0 | D:1      | 0 ||| qw: Plans: Normal
     0 | D:1      | 0 ||| PLANNING D:1-11
    57 | D:1      | 57 ||| Stepping ~*~*~tactically~*~*~ (stealth).
    63 | D:1      | 63 ||| Stepping ~*~*~tactically~*~*~ (outnumbered).
    91 | D:1      | Reached skill level 1 in Unarmed Combat
   296 | D:1      | Reached skill level 1 in Fighting
   296 | D:1      | Reached XP level 2. HP: 23/23 MP: 3/3
   741 | D:1      | 741 ||| UPGRADING to +0 pair of boots.
   746 | D:1      | 746 ||| DROPPING amulet of magic regeneration.
   747 | D:1      | 747 ||| READING scroll labelled DIAN OMIGO.
   748 | D:1      | 748 ||| READING scroll labelled IPUAGA VUSIFF.
   749 | D:1      | 749 ||| READING scroll labelled CUFRA UHUTOCOY.
   750 | D:1      | 750 ||| READING scroll labelled XUNYXZ CEXE.
   751 | D:1      | 751 ||| DRINKING 2 cyan potions.
   752 | D:1      | 752 ||| DRINKING 2 fizzy pink potions.
   753 | D:1      | 753 ||| DROPPING potion of magic.
   754 | D:1      | 754 ||| DROPPING potion of flight.
   807 | D:2      | 807 ||| Stepping ~*~*~tactically~*~*~ (hiding).
   909 | D:2      | 909 ||| Stepping ~*~*~tactically~*~*~ (hiding).
   913 | D:2      | 913 ||| Stepping ~*~*~tactically~*~*~ (outnumbered).
   916 | D:2      | HP: 5/23 [gnoll/+0 club (5)]
   916 | D:2      | Slain by a gnoll

Levels and vault maps discovered:
D:1:      lemuel_arrival_muddy, layout_rooms,
          amcnicky_mini_rare_corridor_liquid, nrook_uturn
D:2:      layout_loops_ring, serial_shops, nicolae_lakefront_shop,
          nicolae_ecumenical_oubliette, uniq_robin

Skill      XL: |  1 |
---------------+----+-----
Unarmed Combat | 1 |  1.4
Fighting       | 1 |  1.0
Dodging        | |  1.7
Stealth        | |  2.1
Spellcasting   | |  1.7
Conjurations   | |  0.7
Fire Magic     | |  2.4

Action                   || total
-------------------------++-------
Melee: Unarmed           ||    45
  Use: Scroll            ||     4
       Potion            ||     2
Armor: Robe              ||     7
Dodge: Dodged            ||    20

Table legend:
 A = Non-vault XP
 B = Vault XP
 C = Vault XP percentage of total XP
 D = Non-vault monster count
 E = Vault monster count
 F = Vault count percentage of total count
                 A         B        C        D         E       F
            +---------+---------+-------+---------+---------+-------
      Total |      14 |       0 |   0.0 |       9 |       0 |   0.0
            +---------+---------+-------+---------+---------+-------
        D:1 |      14 |       0 |   0.0 |       9 |       0 |   0.0
            +---------+---------+-------+---------+---------+-------
